 Dungeon Crawl Stone Soup version 0.27-a0-836-gfc908b8576 (webtiles) character file.

Game seed: 6330516297805039137

169 polve the Changer (level 5, -2/32 (40) HPs)
             Began as a Draconian Transmuter on Mar 31, 2021.
             Slain by a wight
             ... wielding a +0 hand axe
              (7 damage)
             ... on level 3 of the Dungeon.
             The game lasted 00:03:44 (4171 turns).

polve the Changer (Draconian Transmuter)            Turns: 4171, Time: 00:03:45

HP:   -2/32 (40)    AC:  5    Str: 13    XL:     5   Next: 25%
MP:   0/8           EV: 12    Int: 20    God:
Gold: 168           SH:  0    Dex: 11    Spells: 0/8 levels left

rFire    . . .     SeeInvis .     - Unarmed
rCold    . . .     Faith    .   (no shield)
rNeg     . . .     Spirit   +   (armour unavailable)
rPois    .         Reflect  .   (helmet currently unavailable)
rElec    .         Harm     .   (no cloak)
rCorr    .         Rampage  .   (no gloves)
Will     .....                  (boots currently unavailable)
Stlth    +.........             e - amulet of guardian spirit
HPRegen  0.10/turn              b - +6 ring of intelligence
MPRegen  0.11/turn              (no ring)

@: appendages, heavily drained
A: horns 2, talons 2, AC +5, unfitting armour, cold-blooded
a: End Transformation


You were on level 3 of the Dungeon.
You had temporarily grown beastly horns and talons.
You visited 1 branch of the dungeon, and saw 3 of its levels.

You collected 168 gold pieces.

Inventory:

Armour
 d - a +0 pair of gloves
 f - a +0 pair of boots
Jewellery
 b - a +6 ring of intelligence (left hand)
 e - an amulet of guardian spirit (around neck)
Scrolls
 c - a scroll of blinking {unknown}
 h - 2 scrolls of identify {unknown}
 j - a scroll of brand weapon {unknown}
 k - 3 scrolls of teleportation {unknown}
 l - a scroll of fear {unknown}
Potions
 a - a potion of degeneration {unknown}
 g - 3 potions of curing {unknown}
 i - a potion of ambrosia {unknown}
 m - a potion of haste {unknown}


   Skills:
 - Level 1.1 Fighting
 - Level 1.7 Dodging
 - Level 3.0 Unarmed Combat
 - Level 2.0 Spellcasting
 + Level 5.5 Transmutations


You couldn't memorise any spells.
You knew the following spells:

 Your Spells              Type           Power      Damage    Failure   Level
a - Beastly Appendage     Tmut           48%        N/A       1%          1
b - Blink                 Tloc           N/A        N/A       24%         2
c - Wereblood             Tmut           24%        N/A       2%          2
d - Spider Form           Tmut/Pois      6%         N/A       16%         3

Your spell library contained the following spells:

 Spells                   Type           Power      Damage    Failure   Level
 Magic Dart               Conj           8%         1d3       16%         1
 Call Imp                 Summ           2%         N/A       24%         2
 Slow                     Hex            2%         N/A       24%         2
 Hydra Form               Tmut           12%        N/A       41%         5
 Conjure Flame            Conj/Fire      2%         6-21      43%         3
 Mephitic Cloud           Conj/Pois/Air  2%         N/A       43%         3
 Ice Form                 Ice/Tmut       13%        N/A       45%         4


Dungeon Overview and Level Annotations

Branches:
Dungeon (3/15)

Altars:

Shops:
D:1 =


Innate Abilities, Weirdness & Mutations

You have temporarily grown beastly horns and talons.
Your plain brown scales are hard. (AC +5)
You cannot fit into any form of body armour.
You are cold-blooded and may be slowed by cold attacks.


Message History

You grow a pair of large bovine horns.
Your feet morph into talons.
You swing at nothing.
You closely miss the wight. Your kick misses the wight.
The wight hits you with a +0 hand axe!
You feel drained.
You hit the wight but do no damage. You barely miss the wight.
You claw the wight, but do no damage.
Your tail-slap misses the wight.
The wight hits you with a +0 hand axe.
You hit the wight. You tail-slap the wight.
The wight is moderately damaged.
The wight hits you with a +0 hand axe.
You feel drained.
You hit the wight. Your headbutt misses the wight.
You tail-slap the wight, but do no damage.
The wight is heavily damaged.
The wight closely misses you.
You hit the wight but do no damage.
The wight is heavily damaged.
The wight closely misses you.
You hit the wight but do no damage. Your kick misses the wight.
You headbutt the wight, but do no damage.
The wight is heavily damaged.
The wight hits you with a +0 hand axe.
You feel drained.
You hit the wight.
The wight is severely damaged.
The wight hits you with a +0 hand axe.
You hit the wight. You claw the wight.
The wight is almost destroyed.
The wight hits you with a +0 hand axe!
* * * LOW HITPOINT WARNING * * *
You feel drained.
* * * LOW HITPOINT WARNING * * *
You barely miss the wight. Your headbutt misses the wight.
The wight is almost destroyed.
The wight hits you with a +0 hand axe.
* * * LOW HITPOINT WARNING * * *
You feel drained.
* * * LOW HITPOINT WARNING * * *
You closely miss the wight.
The wight is almost destroyed.
The wight hits you with a +0 hand axe!
You die...

#.###.#........#
#.# #.#.########
#. ..##♣♣#.# #.
###♣P♣♣.# #..
♣♣..'### #.. #♣
♣♣.P♣<..# #...
♣P♣♣..P♣...# #..z#
♣....♣....#
#.(..♣♣@.♣♣♣....#
#.....z♣♣♣♣.......
#...#♣♣♣ ♣........
### #.........
#.........
####+####.


You could see a wight.

Vanquished Creatures
  Robin (D:2)
  7 adders
  3 gnolls (D:2)
  2 worms (D:2)
  2 dart slugs
  4 bats
  A giant cockroach (D:1)
  13 goblins
  4 hobgoblins
  5 jackals
  A quokka (D:3)
  8 ball pythons
  5 frilled lizards
  A kobold (D:2)
  5 rats
62 creatures vanquished.

Notes
Turn   | Place    | Note
-------+----------+-------------------------------------------
     0 | D:1      | polve the Draconian Transmuter began the quest for the Orb.
     0 | D:1      | Reached XP level 1. HP: 16/16 MP: 3/3
     6 | D:1      | Noticed a snapping turtle
     6 | D:1      | Noticed a killer bee
     6 | D:1      | Noticed a black bear
     7 | D:1      | Noticed an anaconda
     7 | D:1      | Noticed a wolf
   437 | D:1      | Reached XP level 2. HP: 16/23 MP: 3/5
   581 | D:1      | Learned a level 2 spell: Blink
   584 | D:1      | Learned a level 2 spell: Wereblood
   593 | D:1      | Found Wiugaaj's Jewellery Boutique.
   619 | D:1      | Reached skill level 3 in Transmutations
  1316 | D:2      | You fall into a shaft and drop 1 floor!
  1382 | D:3      | Reached XP level 3. HP: 27/28 MP: 4/6
  1535 | D:2      | Noticed Robin
  1574 | D:2      | Killed Robin
  1575 | D:2      | Reached skill level 4 in Transmutations
  1762 | D:2      | Reached XP level 4. HP: 10/35 MP: 5/7
  2970 | D:2      | Reached skill level 5 in Transmutations
  3243 | D:2      | Reached XP level 5. HP: 37/40 MP: 6/8
  4155 | D:3      | Learned a level 3 spell: Spider Form
  4171 | D:3      | Slain by a wight

Illustrated notes

Levels and vault maps discovered:
D:1:      onia_arrival_zoo_common, layout_loops_cross, serial_shops, shop,
          corexii_leaking_fountain, wander_ebering_terrifying_dragon_lair
D:2:      layout_basic, fountainhead, minmay_snake_closets, uniq_robin
D:3:      layout_basic, grunt_temple_overflow_open, serial_forest,
          infiniplex_forest_lined_corner, infiniplex_forest_straight_2,
          infiniplex_forest_clump_small, infiniplex_forest_diagonal,
          infiniplex_forest_lined_room_2, infiniplex_forest_clump_tiny,
          infiniplex_forest_lined_room_2, chequers_serial_rivers_marsh

Skill      XL: |  1  2  3  4 |
---------------+-------------+-----
Transmutations | 3 4 5 |  5.5
Fighting       | |  1.1
Dodging        | |  1.7
Unarmed Combat | |  3.0
Spellcasting   | |  2.0

Action                   |  1- 3 |  4- 6 || total
-------------------------+-------+-------++-------
Melee: Unarmed           |   129 |   101 ||   230
       Headbutt          |     6 |    17 ||    23
       Kick              |    21 |    21 ||    42
       Tailslap          |     8 |    10 ||    18
       Punch             |       |     2 ||     2
 Cast: Beastly Appendage |    19 |    23 ||    42
 Stab: Sleeping          |     1 |       ||     1
Armor: Skin              |    49 |    18 ||    67
Dodge: Dodged            |    72 |    55 ||   127

Table legend: (Time is in decaauts)
 A = Elapsed time spent in this place.
 B = Non-inter-level travel time spent in this place.
 C = Inter-level travel time spent in this place.
 D = Time resting spent in this place.
 E = Time spent auto-exploring this place.
 F = Levels seen in this place.
 G = Mean time per level.
                   A        B        C        D        E       F      G
               +--------+--------+--------+--------+--------+-----+--------+
         Total |   4164 |   4075 |     89 |      0 |   3589 |   3 | 1388.0 |
       Dungeon |   4164 |   4075 |     89 |      0 |   3589 |   3 | 1388.0 |
               +--------+--------+--------+--------+--------+-----+--------+

Top non-repeatable levels by time:
     D:2: 2396 daAuts
     D:1: 1486 daAuts
     D:3: 281 daAuts
